 Dungeon Crawl Stone Soup version 0.25-a0-310-g60f0ac2d9a (webtiles) character file.

Game seed: 538480118174581008, levelgen mode: classic

3339 Borgoz the Protected (level 10, -3/84 HPs)
             Began as a Gargoyle Berserker on Dec 24, 2019.
             Was an Elder of Trog.
             Splashed by Psyche's acid (8 damage)
             ... on level 8 of the Dungeon.
             The game lasted 00:11:17 (6559 turns).

Borgoz the Protected (Gargoyle Berserker)           Turns: 6559, Time: 00:11:18

Health: -3/84      AC:  9    Str: 30    XL:     10   Next: 2%
Magic:  0/10       EV: 16    Int:  8    God:    Trog [****..]
Gold:   379        SH:  0    Dex: 16    Spells: 9/9 levels left

rFire    . . .     SeeInvis .   a - +0 falchion
rCold    . . .     Gourm    .   (no shield)
rNeg     + . .     Faith    .   k - +0 ring mail
rPois    ∞         Spirit   +   I - +0 helmet
rElec    +         Reflect  .   t - +0 cloak
rCorr    .         Harm     .   (no gloves)
MR       ++...                  (no boots)
Stlth    ..........             g - amulet of guardian spirit
HPRegen  1.24/turn              m - +4 ring of dexterity
MPRegen  0.12/turn              r - +4 ring of strength

@: berserking, corroded, starving, regenerating, studying Stealth, very quick
A: negative energy resistance 1, electricity resistance, unbreathing,
petrification resistance, rot immunity, AC +7
a: Berserk, Trog's Hand, Brothers in Arms, Renounce Religion


You were on level 8 of the Dungeon.
You worshipped Trog.
Trog was greatly pleased with you.
You were starving.

You visited 1 branch of the dungeon, and saw 8 of its levels.

You collected 427 gold pieces.
You spent 48 gold pieces at shops.

Inventory:

Hand Weapons
 a - a +0 falchion (weapon)
Armour
 k - a +0 ring mail (worn)
 t - a +0 cloak (worn)
 I - a +0 helmet (worn)
Jewellery
 g - an amulet of guardian spirit (around neck)
 m - a +4 ring of dexterity (left hand)
 q - a +3 ring of strength
 r - a +4 ring of strength (right hand)
Wands
 b - a wand of digging (7)
 C - a wand of paralysis (5)
 E - a wand of clouds (3)
Scrolls
 d - 2 scrolls of fog {unknown}
 e - 2 scrolls of immolation {unknown}
 h - 3 scrolls of enchant weapon
 i - a scroll of enchant armour
 n - a scroll of fear {unknown}
 u - 4 scrolls of remove curse
 x - 2 scrolls of amnesia {unknown}
 y - a scroll of blinking {unknown}
 D - a scroll of magic mapping
 H - 3 scrolls of teleportation {unknown}
 K - a scroll of silence {unknown}
Potions
 f - a potion of agility
 l - 2 potions of haste
 o - a potion of ambrosia
 s - a potion of cancellation
 v - 4 potions of curing
 z - 2 potions of resistance
 A - 2 potions of heal wounds
 F - a potion of might
 J - a potion of magic
Books
 B - a manual of Stealth
Comestibles
 c - 13 rations


   Skills:
 - Level 3.2 Fighting
 + Level 7.8 Long Blades
 + Level 9.0 Armour
 + Level 6.9 Dodging


You had 9 spell levels left.
You didn't know any spells.
Your spell library was empty.

Dungeon Overview and Level Annotations

Branches:
Dungeon (8/15)             Temple (0/1) D:5            Lair (0/6) D:8

Altars:
Ashenzari
Cheibriados
Dithmenos
Elyvilon
Fedhas
Makhleb
Ru
Sif Muna
Trog
Uskayaw
Vehumet
Wu Jian
Xom
Yredelemnul
The Shining One

Shops:
D:5 !

Annotations:
D:4 3 runed translucent doors, MisterFreud's ghost, amateur HOAK
D:8 Psyche


Innate Abilities, Weirdness & Mutations

You are resistant to torment.
Your stone body is resilient. (AC +7)
You are immune to poison.
You resist negative energy. (rN+)
You are resistant to electric shocks. (rElec)
You can survive without breathing.
You are immune to petrification.
You are immune to rotting.


Message History

Psyche zaps a wand.
The bolt of acid hits you.
You are splashed with acid!
Psyche closely misses you.
You riposte.
You hit Psyche.
Psyche is lightly wounded.
You are too injured to fight recklessly!
Your skin crawls.
You feel resistant to hostile enchantments.
You are feeling very hungry.
Psyche zaps a wand.
The bolt of acid misses you. Psyche barely misses you.
You riposte.
You hit Psyche.
Psyche is moderately wounded.
A red film seems to cover your vision as you go berserk!
You feel yourself moving faster!
You feel mighty!
You are starving!
Psyche zaps a wand.
The bolt of acid hits you! The acid corrodes you!
You are splashed with acid!
* * * LOW HITPOINT WARNING * * *
Psyche zaps a wand.
The bolt of acid hits you!
* * * LOW HITPOINT WARNING * * *
You are splashed with acid!
You die...

.........>..≈≈≈÷...#÷
..≈≈≈≈≈≈≈≈≈...≈≈≈.≈≈≈.#.
.....≈≈≈≈...≈..≈≈≈....#.
..≈≈≈≈≈≈≈≈≈≈.≈≈≈≈≈....##
...≈≈≈≈≈≈≈≈≈≈≈≈≈≈≈....##
....≈≈≈..≈≈.≈≈≈..≈....##
...........≈..≈.......##
...........≈..........##
......@@............####
######..............#
#..............# ##
#..............# #.
##............## #.
##..........## #.
############ #. ##


You could see Psyche.

Vanquished Creatures
  A troll (D:8)
  2 orc warriors
  An ice beast (D:6)
  A black bear (D:8)
  2 phantoms (D:4)
  A necrophage (D:7)
  An ogre (D:4)
  4 centaurs
  4 wolves (D:8)
  A crocodile (D:7)
  Blork the orc (D:4)
  A bullfrog (D:6)
  3 scorpions
  3 killer bees (D:8)
  3 electric eels (D:8)
  4 crimson imps
  4 hounds
  3 jellies
  2 centaur skeletons
  2 orc priests
  4 orc wizards
  2 bullfrog skeletons
  5 worker ants
  4 iguanas
  A killer bee zombie (D:8)
  7 gnolls (D:4)
  10 adders
  A shadow imp (D:6)
  An adder zombie (D:7)
  3 oozes
  3 worms
  2 dart slugs
  4 leopard geckos
  12 orcs
  2 ball pythons (D:6)
  8 bats
  4 giant cockroaches
  5 goblins
  7 hobgoblins
  7 jackals
  5 quokkas
  A frilled lizard (D:1)
  6 kobolds
  2 quokka skeletons
  A quokka zombie (D:5)
  11 rats
162 creatures vanquished.

Notes
Turn   | Place    | Note
-------+----------+-------------------------------------------
     0 | D:1      | Borgoz the Gargoyle Berserker began the quest for the Orb.
     0 | D:1      | Reached XP level 1. HP: 14/14 MP: 1/1
     6 | D:1      | Noticed a black bear
     6 | D:1      | Noticed a water moccasin
     6 | D:1      | Noticed a crocodile
     7 | D:1      | Noticed a hound
   171 | D:1      | Reached XP level 2. HP: 16/19 MP: 2/2
   574 | D:1      | Reached XP level 3. HP: 21/23 MP: 3/3
   637 | D:1      | Reached ** piety under Trog
   950 | D:2      | Found a bloodstained altar of Trog.
   950 | D:2      | Found a glowing golden altar of the Shining One.
  1009 | D:2      | Reached skill level 3 in Armour
  1059 | D:2      | Reached XP level 4. HP: 19/28 MP: 4/4
  1480 | D:3      | You fall into a shaft and drop 2 floors!
  1480 | D:5      | Entered Level 5 of the Dungeon
  1480 | D:5      | Found a hide-covered altar of Uskayaw.
  1504 | D:5      | Reached XP level 5. HP: 25/32 MP: 5/5
  1588 | D:5      | Found a staircase to the Ecumenical Temple.
  1908 | D:3      | Found a shimmering altar of Xom.
  1911 | D:3      | Reached *** piety under Trog
  1914 | D:3      | Found a glowing golden altar of the Shining One.
  1914 | D:3      | Found a shattered altar of Ashenzari.
  1919 | D:3      | Found a burning altar of Makhleb.
  1919 | D:3      | Found a sacrificial altar of Ru.
  1919 | D:3      | Found a shadowy altar of Dithmenos.
  2076 | D:4      | Reached skill level 4 in Armour
  2131 | D:4      | Reached XP level 6. HP: 37/37 MP: 6/6
  2237 | D:4      | Found a runed translucent gate.
  2237 | D:4      | Found a runed translucent gate.
  2237 | D:4      | Found a runed translucent gate.
  2237 | D:4      | Noticed MisterFreud's ghost (amateur HOAK)
  2519 | D:4      | Reached skill level 5 in Armour
  2519 | D:4      | Reached XP level 7. HP: 33/41 MP: 5/7
  2651 | D:4      | Noticed Blork the orc
  2658 | D:4      | Killed Blork the orc
  2761 | D:4      | Reached skill level 5 in Long Blades
  3038 | D:5      | Reached XP level 8. HP: 10/46 MP: 1/8
  3040 | D:5      | Reached skill level 6 in Armour
  3436 | D:5      | Reached skill level 5 in Dodging
  3492 | D:5      | Found Hodixt's Distillery.
  3496 | D:5      | Bought a potion of might for 48 gold pieces
  3778 | D:6      | Found a snail-covered altar of Cheibriados.
  3779 | D:6      | Found an ornate altar of the Wu Jian Council.
  3781 | D:6      | Found a shadowy altar of Dithmenos.
  3781 | D:6      | Found a shimmering blue altar of Sif Muna.
  3781 | D:6      | Found a hide-covered altar of Uskayaw.
  3781 | D:6      | Found a radiant altar of Vehumet.
  3781 | D:6      | Found a blossoming altar of Fedhas.
  3782 | D:6      | Found a white marble altar of Elyvilon.
  3873 | D:6      | Found a shimmering blue altar of Sif Muna.
  4420 | D:6      | Reached skill level 7 in Armour
  4489 | D:6      | Found a sacrificial altar of Ru.
  5091 | D:7      | Reached XP level 9. HP: 41/51 MP: 6/9
  5312 | D:7      | Reached **** piety under Trog
  5525 | D:7      | Found a basalt altar of Yredelemnul.
  5808 | D:8      | Reached skill level 8 in Armour
  6149 | D:8      | Found a staircase to the Lair.
  6212 | D:8      | Noticed a troll
  6245 | D:8      | Killed a troll
  6245 | D:8      | Reached skill level 9 in Armour
  6245 | D:8      | Reached XP level 10. HP: 5/56 MP: 2/10
  6247 | D:8      | HP: 1/56 [acid (4)]
  6554 | D:8      | Noticed Psyche
  6559 | D:8      | Splashed by Psyche's acid

Levels and vault maps discovered:
D:1:      onia_arrival_zoo_common, layout_basic
D:2:      layout_basic, chequers_temple_overflow_statue_of_worship
D:3:      layout_basic, first_ration, doesnt_xom_only_xom
D:4:      layout_gridville, ebering_ghost_rock_garden, uniq_blork_the_orc
D:5:      layout_gridville, minmay_temple_entry_mini_moons, basic_altar,
          serial_shops, shop, corexii_hall_statues_l, minmay_manual_mullet
D:6:      layout_basic, grunt_temple_overflow_open,
          nicolae_ru_great_annihilating_truth, basic_altar
D:7:      layout_gridville, basic_altar
D:8:      layout_rooms, erik_lair_island, uniq_psyche

Skill      XL: |  1  2  3  4  5  6  7  8  9 |
---------------+----------------------------+-----
Dodging        | 2 3 4 5 6 |  6.9
Long Blades    | 3 4 5 6 7 |  7.8
Armour         | 3 4 5 7 9 |  9.0
Fighting       | |  3.2

Action                   |  1- 3 |  4- 6 |  7- 9 | 10-12 || total
-------------------------+-------+-------+-------+-------++-------
Melee: Falchion          |   117 |   204 |   493 |     4 ||   818
Throw: Throwing net      |       |       |       |     1 ||     1
Invok: Berserk           |       |     3 |    10 |     1 ||    14
       Trog's Hand       |       |     1 |     2 |     2 ||     5
Evoke: Wand              |       |       |     2 |     1 ||     3
  Use: Scroll            |       |     7 |     7 |       ||    14
       Potion            |       |       |     2 |       ||     2
 Stab: Paralysed         |       |       |     2 |     3 ||     5
  Eat: Chunk             |     1 |     8 |    16 |       ||    25
       Ration            |       |       |     2 |       ||     2
Armor: Animal skin       |    40 |       |       |       ||    40
       Ring mail         |    15 |    87 |   186 |       ||   288
       Skin              |       |       |    55 |       ||    55
Dodge: Dodged            |    80 |   143 |   372 |     4 ||   599
       Rpst.: Falchion   |    23 |    54 |   110 |     3 ||   190

Table legend:
 A = Non-vault XP
 B = Vault XP
 C = Vault XP percentage of total XP
 D = Non-vault monster count
 E = Vault monster count
 F = Vault count percentage of total count
                 A         B        C        D         E       F
            +---------+---------+-------+---------+---------+-------
      Total |    3601 |    1170 |  24.5 |     148 |      14 |   8.6
            +---------+---------+-------+---------+---------+-------
        D:1 |      40 |       0 |   0.0 |      21 |       0 |   0.0
        D:2 |      83 |       0 |   0.0 |      24 |       0 |   0.0
        D:3 |      42 |       0 |   0.0 |      14 |       0 |   0.0
        D:4 |     724 |      90 |  11.1 |      26 |       1 |   3.7
        D:5 |     579 |     182 |  23.9 |      12 |       2 |  14.3
        D:6 |     350 |      45 |  11.4 |      10 |       4 |  28.6
        D:7 |     763 |       0 |   0.0 |      22 |       0 |   0.0
        D:8 |    1020 |     853 |  45.5 |      19 |       7 |  26.9
            +---------+---------+-------+---------+---------+-------
